 Dungeon Crawl Stone Soup version 0.30-a0-949-g53dc5368d7 (webtiles) character file.

Game seed: 4997187428176235782

1590 cforsyth the Shield-Bearer (level 9, -2/72 HPs)
             Began as a Formicid Fighter on Mar 28, 2023.
             Was a Follower of Ru.
             Slain by a hornet (4 damage)
             ... on level 7 of the Dungeon.
             The game lasted 00:09:13 (6828 turns).

cforsyth the Shield-Bearer (Formicid Fighter)       Turns: 6828, Time: 00:09:13

Health: -2/72      AC:  7    Str: 24    XL:     9   Next: 15%
Magic:  9/9        EV:  9    Int:  9    God:    Ru [*.....]
Gold:   292        SH:  6    Dex: 19    Spells: 8/8 levels left

rFire   . . .      SeeInvis +    a - +2 flail (heavy)
rCold   . . .      Faith    .    c - +0 buckler
rNeg    . . .      Spirit   .    y - +0 scale mail
rPois   .          Reflect  .    (helmet unavailable)
rElec   .          Rampage  .    (no cloak)
rCorr   .                        (no gloves)
Will    .....                    (no boots) Stlth
                                 (no amulet)
HPRegen 0.32/turn                m - +6 ring of dexterity
MPRegen 0.11/turn                (no ring)

@: mighty, brilliant, lethally poisoned (-2 -> -9)
A: permanent stasis, dig shafts and tunnels, antennae 3, no conjurations magic,
no hexes magic, no poison magic, four strong arms
a: Dig, Shaft Self, Renounce Religion


You were on level 7 of the Dungeon.
You worshipped Ru.
Ru was aware of your devotion.
You visited 2 branches of the dungeon, and saw 8 of its levels.

You collected 292 gold pieces.

Inventory:

Hand Weapons
 a - a +2 heavy flail (weapon)
 b - the +8 storm bow {elec, penet}
   (You found it on level 6 of the Dungeon)
 t - a +0 flail
Missiles
 x - a throwing net
Armour
 c - a +0 buckler (worn)
 y - a +0 scale mail (worn)
Jewellery
 m - a +6 ring of dexterity (left hand)
 v - a ring of poison resistance
Wands
 B - a wand of charming (6)
Scrolls
 e - 4 scrolls of identify {unknown}
 f - a scroll of summoning {unknown}
 h - 3 scrolls of teleportation {unknown}
 k - 2 scrolls of immolation {unknown}
 o - a scroll of fear {unknown}
 q - 3 scrolls of poison {unknown}
 r - 2 scrolls of enchant armour {unknown}
 s - a scroll of amnesia {unknown}
 u - 2 scrolls of vulnerability {unknown}
Potions
 d - a potion of might
 g - a potion of degeneration {unknown}
 i - 2 potions of flight {unknown}
 j - 2 potions of brilliance
 l - 2 potions of berserk rage {unknown}
 n - a potion of heal wounds {unknown}
 p - a potion of mutation {unknown}
 w - a potion of haste {unknown}
 z - a potion of magic {unknown}
 A - 2 potions of curing {unknown}


   Skills:
 + Level 7.0 Fighting
 + Level 5.9 Maces & Flails
 + Level 2.5 Ranged Weapons
 - Level 6.2 Armour
 - Level 7.4 Shields


You had 8 spell levels left.
You didn't know any spells.
Your spell library contained the following spells:

 Spells                   Type           Power      Damage    Failure   Level
 Magic Dart               Conj           Unusable   1d3       N/A         1
 Searing Ray              Conj           Unusable   2d4       N/A         2
 Fulminant Prism          Conj/Hex       Unusable   3d5       N/A         4

Dungeon Overview and Level Annotations

Branches:
Dungeon (7/15)             Temple (1/1) D:4

Altars:
Cheibriados
Dithmenos
Elyvilon
Fedhas
Hepliaklqana
Kikubaaqudgha
Okawaru
Qazlal
Ru
Uskayaw
Wu Jian
Yredelemnul
The Shining One
Lugonu

Shops:
D:1 [   D:7 :


Innate Abilities, Weirdness & Mutations

You cannot be hasted, slowed, berserked, paralysed or teleported.
You can dig through walls and to a lower floor.
You have a pair of large antennae on your head. (SInv)
You cannot study or cast Conjurations magic.
You cannot study or cast Hexes magic.
You cannot study or cast Poison magic.
Your four strong arms can wield two-handed weapons with a shield.


Message History

You miss the hornet.
You feel very sick.
The hornet stings you but does no damage.
The shadow imp gestures at you. You resist with significant effort.
The hornet stings you.
Your stasis prevents you from being slowed.
The shadow imp closely misses you.
Okay, then.
You feel very mighty all of a sudden.
You feel sick. You block the hornet's attack. The hornet barely misses you.
You block the shadow imp's attack.
You closely miss the hornet.
You feel sick. The hornet stings you!
Your stasis prevents you from being slowed.
You block the shadow imp's attack. The hornet barely misses you.
You closely miss the hornet.
You feel sick. The hornet stings you!
Your stasis prevents you from being slowed.
The shadow imp hits you.
* * * LOW HITPOINT WARNING * * *
The hornet closely misses you. The shadow imp hits you.
* * * LOW HITPOINT WARNING * * *
The hornet stings you.
* * * LOW HITPOINT WARNING * * *
Your stasis prevents you from being slowed.
You miss the hornet.
You feel sick.
The hornet stings you but does no damage.
The shadow imp hits you but does no damage.
The hornet stings you.
* * * LOW HITPOINT WARNING * * *
Your stasis prevents you from being slowed.
You block the shadow imp's attack.
It was a potion of brilliance.
You feel clever all of a sudden.
You feel sick.
You are no longer poisoned.
The hornet stings you!
* * * LOW HITPOINT WARNING * * *
You are lethally poisoned!
Your stasis prevents you from being slowed.
The hornet stings you.
You die...

....... .......###+#
.. ...........# ....
...........##..<.
........../......
............(....
......5y........
.......@........
...........########
...........##.....##
'####..............#
#.....<........#
.................#
.........##..#######
..........###'##....#
...........#.......##


You could see a hornet and a shadow imp.

Vanquished Creatures
  An orc warrior (D:6)
  A phantom (D:3)
  2 centaurs
  2 bullfrogs
  2 scorpions (D:6)
  5 wights
  A crimson imp (D:4)
  4 hounds (D:5)
  An orc priest (D:6)
  2 sleepcaps
  6 iguanas
  6 orc wizards (D:6)
  4 gnolls (D:5)
  10 adders
  A white imp (D:5)
  5 worms
  12 orcs
  3 endoplasms
  3 giant cockroaches
  11 goblins
  11 hobgoblins
  2 jackals (D:4)
  2 quokkas
  7 ball pythons
  6 bats
  3 frilled lizards
  A goblin skeleton (D:4)
  7 kobolds
  A kobold skeleton (D:4)
  A kobold zombie (D:4)
  An orc skeleton (D:4)
  An orc zombie (D:4)
  6 rats
  A spectral orc (D:4)
132 creatures vanquished.

Vanquished Creatures (others)
  5 fungi
5 creatures vanquished.

Grand Total: 137 creatures vanquished

Notes
Turn   | Place    | Note
-------+----------+-------------------------------------------
     0 | D:1      | cforsyth the Formicid Fighter began the quest for the Orb.
     0 | D:1      | Reached XP level 1. HP: 18/18 MP: 1/1
    97 | D:1      | Found Xaamef's Armour Shoppe.
   158 | D:1      | Reached XP level 2. HP: 20/24 MP: 2/2
   634 | D:2      | Reached XP level 3. HP: 26/29 MP: 3/3
  1049 | D:2      | Reached XP level 4. HP: 37/37 MP: 4/4
  1674 | D:3      | Noticed a phantom
  1893 | D:3      | Reached XP level 5. HP: 36/42 MP: 5/5
  2305 | D:3      | Killed a phantom
  2306 | D:3      | Reached skill level 5 in Shields
  2306 | D:3      | Reached XP level 6. HP: 45/49 MP: 6/6
  2442 | D:4      | Found a staircase to the Ecumenical Temple.
  2469 | Temple   | Entered the Ecumenical Temple
  2527 | Temple   | Became a worshipper of Ru the Awakened
  2954 | D:4      | Found a basalt altar of Yredelemnul.
  3012 | D:4      | Found a glowing golden altar of the Shining One.
  3404 | D:5      | Entered Level 5 of the Dungeon
  3414 | D:5      | Found a blossoming altar of Fedhas.
  3428 | D:5      | Found a stormy altar of Qazlal.
  3464 | D:5      | Gained mutation: You cannot study or cast Poison magic. [Ru
                  | sacrifice]
  3464 | D:5      | Gained mutation: You cannot study or cast Hexes magic. [Ru
                  | sacrifice]
  3464 | D:5      | Gained mutation: You cannot study or cast Conjurations
                  | magic. [Ru sacrifice]
  3464 | D:5      | Reached * piety under Ru
  4074 | D:5      | Reached skill level 5 in Fighting
  4074 | D:5      | Reached skill level 5 in Armour
  4074 | D:5      | Reached XP level 7. HP: 35/56 MP: 7/7
  4683 | D:5      | Found a hazy altar of Hepliaklqana.
  4683 | D:5      | Found an iron altar of Okawaru.
  4829 | D:4      | Reached XP level 8. HP: 18/63 MP: 8/8
  5618 | D:6      | Found the +8 storm bow {elec, penet}
  5810 | D:6      | Reached skill level 5 in Maces & Flails
  6345 | D:6      | Reached skill level 1 in Ranged Weapons
  6472 | D:6      | Reached XP level 9. HP: 68/71 MP: 9/9
  6710 | D:7      | Found Zusenic's Book Shop.
  6779 | D:7      | Found a white marble altar of Elyvilon.
  6819 | D:7      | Noticed a hornet
  6828 | D:7      | HP: 2/72 [hornet (8)]
  6828 | D:7      | Slain by a hornet

Illustrated notes

Levels and vault maps discovered:
D:1:      scummos_arrival_gate, layout_loops_ring, serial_shops, shop,
          minivault_23
D:2:      minmay_inner_zag, layout_basic
D:3:      cheibrodos_greedy_goblins, layout_loops_corners
D:4:      layout_gridville, yredelemnul_forgotten_temple_becter,
          nicolae_tso_besieged_by_evil, temple_fountains,
          kennysheep_flooded_box, skrybe_limestone_x, corexii_shack
D:5:      layout_basic, grunt_temple_overflow_forces_of_nature,
          gammafunk_temple_overflow_wave
D:6:      layout_loops_ring
D:7:      layout_gridville, mainiacjoe_overflow_boulevard,
          nicolae_stop_n_shop_1, nicolae_elevator_lobby_asterisk
Temple:   kb_corrupted_temple

Skill      XL: |  1  2  3  4  5  6  7  8  9 |
---------------+----------------------------+-----
Fighting       | 4 5 6 7 |  7.0
Armour         | 4 5 6 |  6.2
Maces & Flails | 3 4 5 |  5.9
Shields        | 5 6 7 |  7.4
Ranged Weapons | 1 2 |  2.5

Action                     |  1- 3 |  4- 6 |  7- 9 || total
---------------------------+-------+-------+-------++-------
  Melee: Flail             |    99 |   180 |    92 ||   371
   Fire: Longbow           |       |       |    24 ||    24
 Invoke: Sacrifice Arcana  |       |     1 |       ||     1
    Use: Potion            |       |       |     2 ||     2
 Armour: Scale mail        |    52 |    78 |    38 ||   168
  Dodge: Dodged            |    41 |    97 |    62 ||   200
  Block: Buckler           |    20 |    64 |    48 ||   132

Table legend: (Time is in decaauts)
 A = Elapsed time spent in this place.
 B = Non-inter-level travel time spent in this place.
 C = Inter-level travel time spent in this place.
 D = Time resting spent in this place.
 E = Time spent auto-exploring this place.
 F = Levels seen in this place.
 G = Mean time per level.
                   A        B        C        D        E       F      G
               +--------+--------+--------+--------+--------+-----+--------+
         Total |   7030 |   6848 |    182 |   1139 |   4461 |   8 |  878.8 |
       Dungeon |   6951 |   6789 |    162 |   1139 |   4427 |   7 |  993.0 |
        Temple |     78 |     58 |     20 |      0 |     34 |   1 |   78.0 |
               +--------+--------+--------+--------+--------+-----+--------+

Top non-repeatable levels by time:
     D:4: 1529 daAuts
     D:6: 1456 daAuts
     D:5: 1379 daAuts
     D:3: 1159 daAuts
     D:2: 755 daAuts
     D:1: 587 daAuts
     D:7: 83 daAuts
  Temple: 78 daAuts
